 Dungeon Crawl Stone Soup version 0.14-a0-2019-gd9bc7f0 (webtiles) character file.

103545 EvilAshe the Blocker (level 16, -3/125 HPs)
             Began as a Human Fighter on June 14, 2013.
             Was the Champion of the Shining One.
             Slain by an orc warrior
             ... wielding a cursed -3,+1 orcish war axe
              (14 damage)
             ... on Level 16 of the Dungeon on Jan 19, 2014.
             The game lasted 03:15:40 (27681 turns).

EvilAshe the Blocker (Human Fighter)               Turns: 27681, Time: 03:15:40

HP  -3/125       AC  5     Str 23      XL: 16   Next: 85%
MP  28/28        EV 11     Int  9      God: the Shining One [******]
Gold 1391        SH  0     Dex 13      Spells:  0 memorised, 15 levels left

rFire  + . .     SeeInvis +     C - +3 falchion "Bonunkel" {elec, rF+ rC+ rN+}
rCold  + + .     Clarity  .     (no armour)
rNeg   + + +     Conserve .     (no shield)
rPois  .         rCorr    .     F - +0 helmet
rElec  .         rRot     .     (no cloak)
SustAb . .       Spirit   .     (no gloves)
rMut   +         Warding  .     B - +2 pair of orc boots
Saprov . . .     Stasis   .     n - amulet of resist mutation
MR     ++...                    v - ring "Rezoarur" {rC+ MR+ SInv}
                                f - ring of regeneration

@: glowing, very resistant to hostile enchantments, very unstealthy
A: no striking features
a: Divine Shield, Cleansing Flame, Summon Divine Warrior, Renounce Religion


You were on level 16 of the Dungeon.
You worshipped the Shining One.
The Shining One was exalted by your worship.
You were hungry.

You visited 3 branches of the dungeon, and saw 25 of its levels.
You also visited: Ice Cave and Volcano.

You collected 1509 gold pieces.
You spent 138 gold pieces at shops.

Inventory:

Hand weapons
 b - a +1,+2 mace of protection
 C - the +3,+3 falchion "Bonunkel" (weapon) {elec, rF+ rC+ rN+}
   (You found it on level 11 of the Dungeon)

   Occasionally, upon striking a foe, it will discharge some electrical energy
   and cause terrible harm.
   It protects you from fire.
   It protects you from cold.
   It protects you from negative energy.
 J - the +5,+0 falchion of Amortisation {antimagic, rElec}
   (You found it on level 13 of the Dungeon)

   It disrupts the flow of magical energy around spellcasters and certain
   magical creatures (including the wielder).
   It insulates you from electricity.
Armour
 s - a +2 crystal plate armour
 B - a +2 pair of orcish boots (worn)
 F - a +0 helmet (worn)
 Q - the +3 shield of the Enchanted Forest {rC+}
   (You acquired it on level 6 of the Lair of Beasts)

   It protects you from cold.
 S - a +0 cloak
Magical devices
 a - a wand of paralysis (9)
 d - a wand of disintegration (12)
 e - a wand of lightning (1)
 g - a wand of cold (1)
 l - a wand of digging (0)
 w - a wand of disintegration (9)
 E - a wand of teleportation (1)
 L - a wand of digging (9)
Comestibles
 h - 4 bread rations
 i - 5 rotting chunks of hippogriff flesh
 u - a pear
 D - 2 apples
 G - a meat ration
 P - 3 sultanas
 U - 4 honeycombs
Scrolls
 j - a scroll of teleportation
Jewellery
 f - a ring of regeneration (left hand)
 n - an amulet of resist mutation (around neck)
 v - the ring "Rezoarur" (right hand) {rC+ MR+ SInv}
   (You found it on level 8 of the Dungeon)

   [ring of see invisible]

   It protects you from cold.
   It affects your resistance to hostile enchantments.
 y - an uncursed ring of poison resistance
 H - an uncursed ring of positive energy
 M - an uncursed ring of protection from cold
 O - an uncursed ring of flight
 R - an uncursed ring of fire
Potions
 m - 3 potions of poison {unknown}
 p - a potion of brilliance
 q - 6 potions of curing
 r - 2 potions of restore abilities
 x - a potion of might
 A - 2 potions of heal wounds
 K - 2 potions of speed
 N - 2 potions of berserk rage
 X - a potion of strong poison {unknown}
Books
 c - a book of Beasts

   Spells                             Type                      Level
   Summon Butterflies                 Summoning                    1
   Sticks to Snakes                   Transmutation                2
   Call Canine Familiar               Summoning                    3
   Ice Form                           Ice/Transmutation            4
   Summon Ice Beast                   Ice/Summoning                4
   Summon Hydra                       Summoning                    7


   Skills:
 + Level 9.2 Fighting
 - Level 14.4 Long Blades
 - Level 8.0 Maces & Flails
 - Level 15.0 Armour
 - Level 15.0 Shields
   Level 0.0 Traps
 - Level 9.1 Invocations


You had 15 spell levels left.
You didn't know any spells.

Dungeon Overview and Level Annotations

Branches:
Dungeon (16/27)            Temple (1/1) D:4             Orc (0/4) D:11
   Lair (8/8) D:13          Swamp (0/5) Lair:3       Spider (0/5) Lair:6
  Slime (0/6) Lair:7
 Vaults: D:14-15     Depths: D:16

Altars:
Ashenzari
Fedhas
Kikubaaqudgha
Nemelex Xobeh
Okawaru
Trog
Vehumet
Zin
the Shining One

Shops:
D:4 ?   D:7 *   D:8 [   D:11 (   D:14 =   D:15 [

Portals:
Trove: D:11 (give +5 fire dragon armour)

Annotations:
D:8 Erolcha


Message History

The orc closely misses you. The orc priest barely misses you.
The orc warrior completely misses you. The orc misses you.
The orc priest closely misses you. The orc warrior barely misses you.
The orc hits you with an orcish club.
The orc priest calls down the wrath of Beogh upon you.
Something smites you!
* * * LOW HITPOINT WARNING * * *
The orc priest glows brightly for a moment.
The orc barely misses you. The orc warrior barely misses you.
The orc priest closely misses you. The orc closely misses you.
The orc warrior barely misses you.
The orc priest hits you but does no damage.
The orc misses you.
The orc warrior hits you with an orcish war axe!
* * * LOW HITPOINT WARNING * * *
The orc priest hits you from afar with a glowing orcish trident.
* * * LOW HITPOINT WARNING * * *
The orc misses you.
The orc warrior hits you with an orcish war axe!
You die...

#+# #.# ###
......
##.#o###..
##oo.......%
#..@..#
##...##
##.## ###


You could see an orc warrior, an orc priest and an orc.

Vanquished Creatures
  Kirke (D:15)
  Rupert (D:14)
  A frost giant (IceCv)
  Gastronok (D:9)
  A stone giant (D:13)
  2 fire dragons
  9 hydras
  Fannar (D:10)
  Harold (Lair:5)
  4 death yaks
  Nergalle (Lair:2)
  2 centaur warriors
  A very ugly thing (D:15)
  A deep elf knight (D:13)
  A vapour (D:14)
  6 skeletal warriors
  10 hill giants
  An ice statue (IceCv)
  2 unseen horrors
  An orc knight (Volcano)
  Joseph (D:11)
  4 griffons
  5 cyclopes
  A wolf spider (Lair:6)
  An elephant slug (Lair:6)
  3 spectral orcs (Lair:2)
  3 black mambas
  6 yaktaurs
  A griffon skeleton (D:13)
  4 slime creatures (D:11)
  9 elephants (Lair:6)
  21 spiny frogs
  Psyche (D:9)
  A hill giant zombie (D:9)
  A hill giant skeleton (D:15)
  19 ugly things
  A spriggan skeleton (D:14)
  7 komodo dragons
  14 polar bears (IceCv)
  4 two-headed ogres
  2 giant leeches
  5 trolls
  4 basilisks
  27 blink frogs
  A jumping spider (Lair:6)
  4 shadows
  8 sharks
  2 hungry ghosts
  A necrophage (D:11)
  A wraith (D:11)
  4 hogs (D:15)
  A spiny worm simulacrum (D:14)
  A trapdoor spider (D:14)
  3 wyverns
  66 yaks
  2 fire drakes (Lair:5)
  9 hippogriffs
  5 vampire mosquitoes (Lair:8)
  11 swamp worms
  A manticore (D:10)
  3 mottled dragons
  A soldier ant (D:14)
  A boulder beetle (Lair:7)
  A yaktaur skeleton (D:14)
  13 orc warriors
  2 ice beasts
  3 sky beasts
  A phantom (D:9)
  16 centaurs
  2 troll zombies
  A yak zombie (D:13)
  4 ogres
  3 giant goldfish (D:14)
  A troll skeleton (D:8)
  36 giant frogs
  A centaur zombie (D:6)
  3 giant slugs
  17 wolves (IceCv)
  3 big kobolds
  8 crocodiles
  9 agate snails
  A centaur skeleton (D:14)
  12 water moccasins
  A basilisk zombie (D:14)
  9 jellyfish
  A troll simulacrum (D:13)
  An eye of draining (D:10)
  6 killer bees (D:13)
  7 electric eels
  9 wights
  A mottled dragon zombie (D:13)
  A quasit (D:8)
  5 goliath beetles
  A big kobold skeleton (D:13)
  9 crimson imps
  11 hounds
  8 iguanas
  A hound zombie (D:7)
  6 orc priests
  6 orc wizards
  2 spiders (Lair:6)
  6 big fish
  A hound skeleton (D:4)
  7 worker ants
  A removed MONS_DEEP_ELF_SOLDIER (D:13)
  4 scorpions
  A worker ant zombie (D:11)
  16 porcupines
  9 sheep
  A big fish zombie (D:6)
  7 jellies
  3 gnolls (D:2)
  26 adders
  4 giant centipedes
  30 green rats
  A giant mite (Lair:5)
  A shadow imp (D:14)
  12 white imps (Lair:1)
  14 worms
  An inept item mimic (D:8)
  A worm (shapeshifter) (D:14)
  A bat zombie (D:6)
  A giant eyeball (D:4)
  10 giant geckos
  An ooze (D:5)
  25 orcs
  7 giant cockroaches
  12 goblins
  12 hobgoblins
  10 quokkas
  26 bats
  A giant gecko zombie (D:8)
  A giant spore (D:15)
  3 hobgoblin skeletons
  13 jackals
  29 kobolds
  2 kobold skeletons
  An orc skeleton (D:4)
  An orc zombie (D:9)
  27 rats
  A rat zombie (D:6)
  2 ballistomycetes
  2 plants
874 creatures vanquished.

Vanquished Creatures (collateral kills)
  A giant frog (D:7)
  A giant mite (D:7)
  An orc (D:11)
3 creatures vanquished.

Vanquished Creatures (others)
  A spiny frog (Lair:8)
  A polar bear (IceCv)
  A water moccasin (Lair:8)
  A giant frog (D:15)
  A big fish (D:14)
  2 jackals (D:9)
  A kobold (D:5)
  A giant spore (D:12)
  5 fungi
  5 plants
19 creatures vanquished.

Grand Total: 896 creatures vanquished

Notes
Turn   | Place    | Note
--------------------------------------------------------------
     0 | D:1      | EvilAshe, the Human Fighter, began the quest for the Orb.
     0 | D:1      | Reached XP level 1. HP: 18/18 MP: 0/0
   246 | D:1      | Reached XP level 2. HP: 24/24 MP: 1/1
   707 | D:2      | Found a sparkling altar of Nemelex Xobeh.
   805 | D:2      | Reached XP level 3. HP: 30/30 MP: 2/2
  1351 | D:2      | Reached skill level 4 in Long Blades
  1351 | D:2      | Reached XP level 4. HP: 32/36 MP: 3/3
  1661 | D:3      | Found a bloodstained altar of Trog.
  1739 | D:3      | Found a glowing silver altar of Zin.
  2021 | D:3      | Found a glowing golden altar of the Shining One.
  2036 | D:3      | Became a worshipper of the Shining One
  2376 | D:3      | Reached XP level 5. HP: 41/41 MP: 4/4
  2647 | D:3      | Reached skill level 5 in Long Blades
  2806 | D:4      | Found a blossoming altar of Fedhas.
  2849 | D:4      | Paralysed by a giant eyeball for 2 turns
  2856 | D:4      | Paralysed by a giant eyeball for 4 turns
  2867 | D:4      | Got an encrusted cap
  2870 | D:4      | Identified the cursed -3 cap "Bydghou" {Int-4} (You found it on level 4 of the Dungeon)
  2920 | D:4      | Found a staircase to the Ecumenical Temple.
  2927 | Temple   | Entered the Ecumenical Temple
  2934 | D:4      | Noticed an ogre
  2963 | D:4      | Killed an ogre
  2963 | D:4      | Reached skill level 6 in Long Blades
  2963 | D:4      | Reached XP level 6. HP: 18/48 MP: 5/5
  3221 | D:4      | Found Wiunin's Magic Scroll Emporium.
  3242 | D:4      | Bought a scroll of teleportation for 36 gold pieces
  3242 | D:4      | Bought a scroll of remove curse for 36 gold pieces
  3242 | D:4      | Bought a scroll of fog for 24 gold pieces
  3242 | D:4      | Bought a scroll of fear for 42 gold pieces
  3747 | D:5      | Entered Level 5 of the Dungeon
  3896 | D:5      | Reached skill level 7 in Long Blades
  3896 | D:5      | Reached XP level 7. HP: 53/53 MP: 6/6
  4281 | D:5      | Found an iron altar of Okawaru.
  4812 | D:6      | Found an ancient bone altar of Kikubaaqudgha.
  4876 | D:6      | Reached skill level 8 in Long Blades
  4888 | D:6      | Noticed a hippogriff
  4888 | D:6      | Acquired the Shining One's first power
  4913 | D:6      | Killed a hippogriff
  4913 | D:6      | Reached XP level 8. HP: 48/60 MP: 7/7
  5177 | D:6      | Reached skill level 9 in Long Blades
  5650 | D:7      | Identified a +4 rod of the swarm (14/14) (You found it on level 7 of the Dungeon)
  5685 | D:7      | Found Ebuus' Assorted Antiques.
  6271 | D:8      | Reached skill level 10 in Long Blades
  6355 | D:8      | Reached XP level 9. HP: 65/65 MP: 8/8
  6380 | D:8      | Noticed Erolcha
  6681 | D:8      | Found Gamulam's Specialty Armours.
  6753 | D:8      | Reached skill level 11 in Long Blades
  6755 | D:8      | Got an ancient jade ring
  6981 | D:9      | Noticed Psyche
  7006 | D:9      | Noticed Gastronok
  7137 | D:9      | Killed Psyche
  7137 | D:9      | Reached skill level 12 in Long Blades
  7177 | D:9      | Reached XP level 10. HP: 71/71 MP: 9/9
  7251 | D:9      | Found a radiant altar of Vehumet.
  7572 | D:9      | Reached skill level 13 in Long Blades
  7738 | D:10     | Entered Level 10 of the Dungeon
  7743 | D:10     | Noticed a hill giant
  7787 | D:9      | Acquired the Shining One's second power
  8056 | D:10     | Reached skill level 14 in Long Blades
  8087 | D:10     | Killed a hill giant
  8178 | D:10     | Reached XP level 11. HP: 72/77 MP: 10/10
  8426 | D:10     | Noticed Fannar
  8426 | D:10     | Noticed a hill giant
  8498 | D:11     | Found a staircase to the Orcish Mines.
  8499 | D:11     | Found Qeani's Weapon Shoppe.
  8502 | D:11     | Noticed a hill giant
  8502 | D:11     | Noticed a hill giant
  8550 | D:10     | Killed a hill giant
  8782 | D:11     | Reached skill level 5 in Armour
  8782 | D:11     | Reached skill level 5 in Shields
  8856 | D:11     | Noticed Joseph
  8872 | D:11     | Killed Joseph
  8874 | D:11     | Identified the ring "Rezoarur" {rC+ MR+ SInv} (You found it on level 8 of the Dungeon)
  9112 | D:11     | Found a portal to a secret trove of treasure.
  9311 | D:11     | Got a dazzling falchion
  9544 | D:11     | Identified the falchion "Bonunkel" {elec, rF+ rC+ rN+} (You found it on level 11 of the Dungeon)
  9615 | D:12     | Noticed a hill giant
  9627 | D:12     | Killed a hill giant
  9878 | D:12     | Noticed a hill giant
  9940 | D:11     | Killed a hill giant
 10035 | D:12     | Noticed a hill giant
 10041 | D:11     | Killed a hill giant
 10116 | D:12     | Noticed a cyclops
 10144 | D:12     | Killed a cyclops
 10144 | D:12     | Reached XP level 12. HP: 53/83 MP: 11/11
 10215 | D:12     | Noticed a five-headed hydra
 10352 | D:10     | Killed Fannar
 10613 | D:12     | Reached skill level 5 in Maces & Flails
 10713 | D:12     | Noticed a cyclops
 10723 | D:12     | Killed a cyclops
 10911 | D:12     | Killed a five-headed hydra
 11355 | D:13     | Noticed an eight-headed hydra
 11356 | D:13     | Noticed a dragon
 11560 | D:13     | Noticed a centaur warrior
 11575 | D:13     | Killed a centaur warrior
 11800 | D:13     | Found a staircase to the Lair.
 11978 | D:13     | Noticed a deep elf knight
 11995 | D:13     | Killed a deep elf knight
 11995 | D:13     | Reached skill level 10 in Armour
 12026 | D:13     | Reached skill level 10 in Shields
 12033 | D:13     | Noticed a stone giant
 12042 | D:13     | Reached XP level 13. HP: 82/88 MP: 12/12
 12053 | D:13     | Killed a stone giant
 12077 | D:13     | Got a crude falchion
 12094 | D:13     | Identified the cursed falchion of Amortisation {antimagic, rElec} (You found it on level 13 of the Dungeon)
 12256 | D:13     | Killed a dragon
 12521 | D:13     | Killed an eight-headed hydra
 12687 | D:14     | Entered Level 14 of the Dungeon
 12786 | D:14     | Noticed Rupert
 12812 | D:14     | Paralysed by Rupert for 4 turns
 12960 | Lair:1   | Entered Level 1 of the Lair of Beasts
 13103 | Lair:1   | Acquired the Shining One's third power
 13121 | Lair:1   | Found a frozen archway.
 13144 | IceCv    | Entered an ice cave
 13503 | IceCv    | Noticed a death yak
 13591 | IceCv    | Killed a death yak
 13860 | IceCv    | Noticed a frost giant
 13895 | IceCv    | Reached XP level 14. HP: 69/95 MP: 13/13
 13915 | IceCv    | Killed a frost giant
 15581 | Lair:2   | Noticed Nergalle
 15641 | Lair:2   | Killed Nergalle
 16401 | Lair:3   | Got a slimy granite ring
 16418 | Lair:3   | Identified the ring of Qoavvina {+/*TELE Stlth++} (You found it on level 3 of the Lair of Beasts)
 17104 | Lair:3   | Found a staircase to the Swamp.
 17275 | Lair:4   | Acquired the Shining One's fourth power
 17459 | Lair:4   | Found a shattered altar of Ashenzari.
 17912 | Lair:5   | Found a dark tunnel.
 17948 | Volcano  | Entered a volcano
 18660 | Lair:5   | Noticed Harold
 18700 | Lair:5   | Killed Harold
 18936 | Lair:5   | Reached skill level 15 in Armour
 18936 | Lair:5   | Reached skill level 15 in Shields
 18936 | Lair:5   | Reached XP level 15. HP: 80/100 MP: 14/14
 19037 | Lair:5   | Reached skill level 1 in Invocations
 19550 | Lair:6   | Identified 2 scrolls of acquirement
 19556 | Lair:6   | Got a shimmering shield
 19568 | Lair:6   | Identified the +3 shield of the Enchanted Forest {rC+} (You acquired it on level 6 of the Lair of Beasts)
 20228 | Lair:6   | Reached skill level 5 in Fighting
 20482 | Lair:6   | Reached skill level 5 in Invocations
 20944 | Lair:6   | Found a hole to the Spider Nest.
 21326 | Lair:7   | Found a staircase to the Slime Pits.
 22393 | Lair:8   | Entered Level 8 of the Lair of Beasts
 23622 | Lair:8   | Reached XP level 16. HP: 111/118 MP: 27/27
 24414 | D:9      | Killed Gastronok
 24971 | D:14     | Killed Rupert
 24982 | D:14     | Noticed a six-headed hydra
 25032 | D:14     | Killed a six-headed hydra
 25032 | D:14     | Reached skill level 5 in Traps
 25440 | D:14     | Found Taggealo's Jewellery Shop.
 26380 | D:14     | Noticed a dragon
 26408 | D:14     | Killed a dragon
 26485 | D:15     | Entered Level 15 of the Dungeon
 26946 | D:15     | Reached skill level 10 in Traps
 27083 | D:15     | Noticed Kirke
 27149 | D:15     | Killed Kirke
 27153 | D:15     | Reached XP level 17. HP: 125/125 MP: 28/28
 27320 | D:15     | Found Kas Ekha's Antique Armour Shoppe.
 27455 | D:15     | Upgraded the game from 0.13-a0-1606-g53bcbbc to 0.14-a0-2019-gd9bc7f0
 27455 | D:15     | Reached XP level 16. HP: 121/125 MP: 27/28
 27681 | D:16     | Slain by an orc warrior

Action                   |  1- 3 |  4- 6 |  7- 9 | 10-12 | 13-15 | 16-18 || total
-------------------------+-------+-------+-------+-------+-------+-------++-------
Melee: Falchion          |    88 |   292 |   271 |   378 |  1795 |   626 ||  3450
       Long sword        |       |       |   249 |   308 |       |       ||   557
       Scimitar          |       |       |       |   138 |       |       ||   138
       Mace              |       |       |       |    16 |    57 |    48 ||   121
Throw: Javelin           |    15 |       |       |       |       |       ||    15
Evoke: Wand              |       |     1 |    13 |    30 |    20 |     5 ||    69
       Rod               |       |       |     1 |       |       |       ||     1
  Use: Scroll            |     2 |    11 |     8 |     5 |    11 |       ||    37
       Potion            |       |     2 |     2 |     3 |     1 |     3 ||    11
 Stab: Paralysed         |       |       |     7 |       |     6 |       ||    13
